 Dungeon Crawl Stone Soup version 0.28.0 (webtiles) character file.

Game seed: 4895714636898998406

30 browni3141 the Sneak (level 3, -1/34 HPs)
             Began as a Ghoul Delver on Feb 7, 2022.
             Slain by a scorpion (7 damage)
             ... on level 4 of the Dungeon.
             The game lasted 00:02:33 (385 turns).

browni3141 the Sneak (Ghoul Delver)                  Turns: 385, Time: 00:02:34

Health: -1/34      AC:  3    Str: 17    XL:     3   Next: 20%
Magic:  2/2        EV: 11    Int:  5    God:
Gold:   0          SH:  0    Dex: 10    Spells: 2/2 levels left

rFire   . . .      SeeInvis .     - Unarmed
rCold   + . .      Faith    .   (no shield)
rNeg    + + +      Spirit   .   a - +0 leather armour
rPois   ∞          Reflect  .   (no helmet)
rElec   .          Harm     .   (no cloak)
rCorr   .          Rampage  .   (no gloves)
Will    .....                   (no boots)
Stlth   +++.......              (no amulet)
HPRegen 0.00/turn               (no ring)
MPRegen 0.08/turn               (no ring)

@: inhibited regen
A: claws 1, cold resistance 1, negative energy resistance 3, inhibited
regeneration, torment resistance 2
a: no special abilities


You were on level 4 of the Dungeon.
You visited 1 branch of the dungeon, and saw 4 of its levels.

Inventory:

Armour
 a - a +0 leather armour (worn)
Wands
 f - a wand of digging (3)
Scrolls
 b - a scroll of fog
 d - a scroll of fear
Potions
 e - a potion of haste


   Skills:
 + Level 4.7 Fighting
 - Level 1.7 Dodging
 - Level 5.4 Stealth
 - Level 2.1 Unarmed Combat


You had 2 spell levels left.
You didn't know any spells.
Your spell library was empty.

Dungeon Overview and Level Annotations

Branches:
Dungeon (6/15)
 Temple: D:4-7

Altars:
Gozag

Shops:
D:3 *

Annotations:
D:4 Sigmund


Innate Abilities, Weirdness & Mutations

You thrive by killing the living.
You are immune to poison.
You have sharp fingernails.
Your flesh is cold resistant. (rC+)
You are immune to negative energy. (rN+++)
You do not regenerate when monsters are visible.
You are immune to unholy pain and torment.


Message History

The scorpion is severely wounded.
The scorpion closely misses you.
You closely miss the scorpion.
The scorpion is severely wounded.
The scorpion stings you.
You scratch the scorpion.
The scorpion is almost dead.
The scorpion barely misses you.
You scratch the scorpion but do no damage.
The scorpion is almost dead.
The scorpion stings you.
* * * LOW HITPOINT WARNING * * *
You completely miss the scorpion.
The scorpion is almost dead.
The scorpion stings you but does no damage.
You closely miss the scorpion.
The scorpion is almost dead.
The scorpion stings you.
* * * LOW HITPOINT WARNING * * *
You closely miss the scorpion.
The scorpion is almost dead.
The scorpion barely misses you. The scorpion stings you.
* * * LOW HITPOINT WARNING * * *
You barely miss the scorpion.
The scorpion is almost dead.
The scorpion stings you.
* * * LOW HITPOINT WARNING * * *
You barely miss the scorpion.
The scorpion is almost dead.
The scorpion barely misses you.
You barely miss the scorpion.
The scorpion is almost dead.
The scorpion barely misses you.
You closely miss the scorpion.
The scorpion is almost dead.
The scorpion stings you but does no damage.
You scratch the scorpion but do no damage.
The scorpion is almost dead.
The scorpion stings you!
You die...

*,,,,,*,#.##...# *,*,,,,,,,,
*,*,,,*,#.#....# *,*********
*,*,,,*,#.#.#### *,*
*,*,,,*,#.#.######,*
*,*,,,*,#........#,*
*,*,,,*,###.####.#,*
*,*,,,*,* #...#*,*,*
*,*,,,#.#####.#*,*,*
*,*,,,#...s@..#*,*,*********
*,**,,#.#######*,*,,,,,,,,,,
*,*,,,,,,,,,,,,,,***********
*,***>************ *,* *,*
*,* *,* *,***,* *,,,,,*
*,*****


You could see a scorpion.

Vanquished Creatures
  A centaur zombie (D:6)
1 creature vanquished.

Notes
Turn   | Place    | Note
-------+----------+-------------------------------------------
     0 | D:5      | browni3141 the Ghoul Delver began the quest for the Orb.
     0 | D:5      | Reached XP level 1. HP: 19/19 MP: 0/0
   187 | D:5      | Noticed a hound
   191 | D:6      | Reached XP level 2. HP: 18/28 MP: 1/1
   191 | D:6      | Reached XP level 3. HP: 23/34 MP: 2/2
   325 | D:4      | Noticed Sigmund
   343 | D:3      | Noticed an ogre
   343 | D:3      | Found an opulent altar of Gozag.
   343 | D:3      | Found Kugraiso's General Store.
   366 | D:4      | Noticed a scorpion
   385 | D:4      | Slain by a scorpion

Illustrated notes

Levels and vault maps discovered:
D:3:      layout_rooms, nicolae_gozag_seed_capital, serial_shops,
          nicolae_shop_overgrown_old_shop, nicolae_shop_statue_plus,
          nicolae_shop_statue_plus
D:4:      layout_basic, nicolae_elevator_lobby_asterisk, uniq_sigmund
D:5:      layout_basic, mainiacjoe_overflow_paths,
          minmay_temple_entry_purple_smoke, serial_undead, serial_undead_e,
          serial_undead_b, serial_undead_b, serial_undead_f,
          nicolae_inconvenience_store
D:6:      layout_basic, zin_scriptorium, serial_shops, nicolae_diamond_shop,
          nicolae_lakefront_shop, shop, shop, kennysheep_mini_moat

Skill      XL: |  1 |
---------------+----+-----
Fighting       | 4 |  4.7
Dodging        | |  1.7
Stealth        | |  5.4
Unarmed Combat | |  2.1

Action                   || total
-------------------------++-------
Melee: Unarmed           ||    26
       Punch             ||     1
  Use: Scroll            ||     1
Armor: Leather armour    ||    14
Dodge: Dodged            ||    20
